 Dungeon Crawl Stone Soup version 0.17.2-1-ge4368a0 (webtiles) character file.

19313 magipi the Archer (level 12, -5/106 HPs)
             Began as a Centaur Hunter on Nov 21, 2017.
             Was a High Priest of Makhleb.
             Slain by a freezing wraith (8 damage)
             ... in an ice cave on Nov 22, 2017.
             The game lasted 01:29:25 (19091 turns).

magipi the Archer (Centaur Hunter)                 Turns: 19091, Time: 01:29:26

Health: -5/106     AC: 19    Str: 16    XL:     12   Next: 35%
Magic:  28/28      EV:  3    Int: 10    God:    Makhleb [*****.]
Gold:   695        SH:  0    Dex: 14    Spells: 0 memorised, 11 levels left

rFire  + . .     SeeInvis .     b - +3 demon trident (venom)
rCold  + . .     Clarity  .     K - +2 chain mail {rPois}
rNeg   . . .     SustAt   .     (no shield)
rPois  +         Gourm    .     P - +0 helmet
rElec  +         Spirit   .     y - +1 cloak
rCorr  .         Warding  .     H - +1 pair of gloves
rMut   .         Stasis   .     T - +0 centaur barding
MR     .....                    s - amulet of rage
Stlth  ..........               f - ring of Huisiaro {rElec rF+ MP+9}
                                c - ring of protection from cold

@: slowed, not resistant to hostile enchantments, extremely unstealthy
A: hooves 3, deformed body, speed 2, tough skin 3
a: Minor Destruction, Lesser Servant of Makhleb, Major Destruction, Greater
Servant of Makhleb, Renounce Religion, Evoke Berserk Rage


You were in an ice cave.
You worshipped Makhleb.
Makhleb was extremely pleased with you.
You were not hungry.

You visited 2 branches of the dungeon, and saw 15 of its levels.
You also visited: Labyrinth, Sewer and Ice Cave.

You collected 888 gold pieces.
You spent 193 gold pieces at shops.

Inventory:

Hand Weapons
 a - a +1 shortbow of flaming
   (You acquired it on level 10 of the Dungeon)
 b - a +3 demon trident of venom (weapon)
   (You took it off Maud on level 11 of the Dungeon)
 G - a +2 shortbow
 N - a +0 trident
   (You found it in a sewer)
 R - a +2 shortbow of evasion
   (You found it in a labyrinth)
Missiles
 k - 15 arrows of frost
 F - 14 arrows
 S - 14 arrows of flame
Armour
 y - a +1 cloak (worn)
   (You took it off Crazy Yiuf on level 3 of the Dungeon)
 H - a +1 pair of gloves (worn)
   (You found it on level 7 of the Dungeon)
 K - a +2 chain mail of poison resistance (worn)
   (You found it on level 8 of the Dungeon)
 P - a +0 helmet (worn)
   (You found it on level 11 of the Dungeon)
 T - a +0 centaur barding (worn)
   (You found it in a labyrinth)
Jewellery
 c - a ring of protection from cold (left hand)
   (You found it on level 11 of the Dungeon)
 f - the ring of Huisiaro (right hand) {rElec rF+ MP+9}
   (You found it in a labyrinth)

   [ring of protection from fire]

   It protects you from fire.
   It insulates you from electricity.
   It affects your magic capacity (+9).
 i - an uncursed ring of see invisible
   (You found it on level 8 of the Dungeon)
 s - an amulet of rage (around neck)
   (You found it on level 5 of the Dungeon)
 t - the ring of the Median {+/*Tele Slay+5}
   (You found it on level 7 of the Dungeon)

   [ring of teleportation]

   It may teleport you next to monsters, and can be evoked to randomly teleport.
   It affects your accuracy and damage with ranged weapons and melee attacks
   (+5).
 B - an uncursed ring of invisibility
   (You found it on level 5 of the Dungeon)
 V - an uncursed amulet of faith {unknown}
   (You found it on level 2 of the Lair of Beasts)
Wands
 d - a wand of digging (11)
   (You bought it in a shop on level 6 of the Dungeon)
 v - a wand of polymorph (11)
   (You took it off Crazy Yiuf on level 3 of the Dungeon)
 O - a wand of paralysis (4)
   (You found it on level 2 of the Lair of Beasts)
 Q - a wand of digging (11)
   (You found it on level 11 of the Dungeon)
Scrolls
 g - 5 scrolls of recharging
 h - 2 scrolls of noise
 o - 2 scrolls of fog
 w - a scroll of blinking
 x - 4 scrolls of teleportation
 A - 4 scrolls of immolation
 W - 3 scrolls of remove curse
 X - 3 scrolls of enchant weapon
Potions
 l - a potion of heal wounds {unknown}
 m - 2 potions of haste
 n - 3 potions of magic
 p - a potion of ambrosia {unknown}
 q - 2 potions of cancellation {unknown}
 u - 3 potions of brilliance {unknown}
 z - 2 potions of experience {unknown}
 C - 3 potions of poison {unknown}
 E - 2 potions of invisibility {unknown}
 I - 2 potions of might
 J - 2 potions of mutation {unknown}
 M - 5 potions of curing
 U - a potion of lignification {unknown}
 Y - a potion of beneficial mutation {unknown}
Books
 L - a book of Dreams
   (You found it on level 8 of the Dungeon)

   Spells                             Type                      Level
   a - Ensorcelled Hibernation        Hexes/Ice                    2
   b - Phase Shift                    Translocation                5
   c - Shadow Creatures               Summoning                    5
   d - Silence                        Hexes/Air                    5
   e - Darkness                       Hexes                        6
   f - Mass Confusion                 Hexes                        6
 Z - the Volume of the Boosting Voyage
   (You found it in a labyrinth)

   Spells                             Type                      Level
   a - Shroud of Golubria             Charms/Translocation         2
   b - Gell's Gravitas                Hexes/Translocation          3
   c - Recall                         Summoning/Translocation      3
   d - Portal Projectile              Translocation                3
   e - Teleport Other                 Translocation                3
   f - Force Lance                    Conjuration/Translocation    4
   g - Passage of Golubria            Translocation                4
   h - Warp Weapon                    Charms/Translocation         5
Comestibles
 e - 7 bread rations
 j - 8 royal jellies
 r - 10 meat rations


   Skills:
 - Level 10.2 Fighting
 - Level 10.0 Polearms
 + Level 13.5 Bows
 + Level 2.0 Armour
 + Level 2.5 Dodging
 - Level 0.5 Stealth
 + Level 10.3 Invocations
 + Level 1.5 Evocations


You had 11 spell levels left.
You didn't know any spells.

Dungeon Overview and Level Annotations

Branches:
Dungeon (12/15)            Temple (0/1) D:5            Lair (3/8) D:11
    Orc (0/4) D:11
  Swamp: Lair:3-6    Shoals: Lair:3-6     Snake: Lair:3-6    Spider: Lair:3-6

Altars:
Ashenzari
Cheibriados
Dithmenos
Elyvilon
Fedhas
Kikubaaqudgha
Makhleb
Nemelex Xobeh
Okawaru
Qazlal
Sif Muna
Trog
Vehumet

Shops:
D:6 *=   D:8 (   D:12 :

Annotations:
D:2 Sigmund
Lair:3 Nergalle


Innate Abilities, Weirdness & Mutations

You have hooves in place of feet.
Armour fits poorly on your strangely shaped body.
You cover ground very quickly.
You have extremely tough skin (AC +3).


Message History

You swap places.
Attack whom?
Press: ? - help, Dir - move target cursor, f - freezing wraith
Aim: a freezing wraith You could not reach far enough!
The freezing wraith hits your hellwing.
The freezing wraith freezes your hellwing!
The freezing wraith hits your hellwing.
Your hellwing barely misses the freezing wraith.
Your hellwing hits the freezing wraith but does no damage.
Attack whom?
Press: ? - help, Dir - move target cursor, f/p - freezing wraith
Aim: a freezing wraith You could not reach far enough!
The freezing wraith hits your hellwing but does no damage.
The freezing wraith hits your hellwing.
Attack whom?
Press: ? - help, Dir - move target cursor, f/p - freezing wraith
Aim: a freezing wraith You could not reach far enough!
Your hellwing closely misses the freezing wraith.
Your hellwing hits the freezing wraith.
Your orange demon stings the freezing wraith but does no damage.
The freezing wraith closely misses your hellwing.
The freezing wraith hits your hellwing.
Unknown command.
You hit the freezing wraith.
The freezing wraith is lightly damaged.
Your hellwing hits the freezing wraith! x2
Your orange demon closely misses the freezing wraith.
The freezing wraith hits you but does no damage. x2
The freezing wraith hits your hellwing.
Your hellwing dies!
You hit the freezing wraith but do no damage.
Your kick misses the freezing wraith.
The freezing wraith is lightly damaged.
Your orange demon barely misses the freezing wraith.
The freezing wraith hits you but does no damage. x2
Unknown command.
You puncture the freezing wraith!
The freezing wraith is heavily damaged.
You barely miss the freezing wraith. Your kick misses the freezing wraith.
The freezing wraith is heavily damaged.
Your orange demon stings the freezing wraith but does no damage.
Your orange demon hits the freezing wraith.
The freezing wraith hits you! The freezing wraith freezes you! You resist.
The freezing wraith hits you. The freezing wraith drains your vigour!
You feel yourself slow down.
The freezing wraith hits you but does no damage.
The freezing wraith hits you.
A demon appears!
You feel slightly more hungry.
Your orange demon stings the freezing wraith but does no damage.
Your orange demon barely misses the freezing wraith.
The freezing wraith hits you but does no damage.
The freezing wraith hits you. The freezing wraith drains your vigour!
You feel as though you will be slow longer.
The freezing wraith barely misses you. The freezing wraith hits you!
The freezing wraith drains your vigour!
You feel as though you will be slow longer.
Your orange demon stings the freezing wraith but does no damage.
Your orange demon hits the freezing wraith but does no damage.
The freezing wraith hits you but does no damage.
The freezing wraith hits you. The freezing wraith drains your vigour!
You feel as though you will be slow longer.
The freezing wraith hits you but does no damage.
The freezing wraith hits you. The freezing wraith drains your vigour!
You feel as though you will be slow longer.
You hit the freezing wraith but do no damage.
You kick the freezing wraith, but do no damage.
The freezing wraith is heavily damaged.
Your orange demon stings the freezing wraith but does no damage.
Your orange demon barely misses the freezing wraith.
The freezing wraith hits you but does no damage. x2
Your neqoxec hits the freezing wraith but does no damage.
The freezing wraith hits your neqoxec!
The freezing wraith freezes your neqoxec!!
Your neqoxec dies!
You puncture the freezing wraith! Your kick misses the freezing wraith.
The freezing wraith is severely damaged.
Your orange demon barely misses the freezing wraith.
Your orange demon hits the freezing wraith.
The freezing wraith hits you! The freezing wraith freezes you! You resist.
The freezing wraith hits you but does no damage.
The freezing wraith hits your orange demon!
The freezing wraith freezes your orange demon!
The freezing wraith hits your orange demon!
Your orange demon dies!
A demon appears!
You feel slightly more hungry. The freezing wraith hits you.
* * * LOW HITPOINT WARNING * * *
The freezing wraith freezes you! You resist.
* * * LOW HITPOINT WARNING * * *
The freezing wraith hits you!
* * * LOW HITPOINT WARNING * * *
The freezing wraith hits you but does no damage. x3
The freezing wraith hits you!
* * * LOW HITPOINT WARNING * * *
The freezing wraith drains your vigour!
You feel as though you will be slow longer.
* * * LOW HITPOINT WARNING * * *
The freezing wraith hits you!
You die...

##.## ##..##
#...## #..##
#....####..#
#..#...#...#
#..##.....##
##.###...##
#.4###### ..
##..## .#
#.@.## ..#
##WW.## ..#
##...## #.#
##...##.W#
##..#..#
#.....#
##...##
#####


You could see 2 freezing wraiths and a friendly orange demon.

Vanquished Creatures
  Maud (D:11)
  A minotaur (Lab)
  An unseen horror (D:10)
  A hill giant (D:11)
  Pikel (D:7)
  A manticore (D:11)
  5 spiny frogs
  2 black mambas
  A gargoyle (D:10)
  3 komodo dragons
  A freezing wraith (IceCv)
  A kobold demonologist (D:11)
  A troll (D:11)
  A two-headed ogre (D:11)
  A blink frog (D:8)
  2 basilisks
  3 yaks (D:11)
  5 hippogriffs
  3 wargs
  5 water moccasins
  A death yak simulacrum (IceCv)
  A mottled dragon (D:11)
  5 orc warriors (D:11)
  A black bear (D:11)
  3 ice beasts (IceCv)
  2 porcupines
  A phantom (D:6)
  A centaur (D:9)
  An eye of draining (D:12)
  2 sky beasts
  6 ogres
  A brain worm (shapeshifter) (D:4)
  5 crocodiles
  A wyvern zombie (D:12)
  11 big kobolds
  11 giant frogs
  A gnoll sergeant (D:11)
  8 killer bees
  2 scorpions
  2 quasits
  2 electric eels
  A giant frog zombie (D:8)
  4 crimson imps
  4 jellies
  5 orc wizards
  2 hounds (D:11)
  Crazy Yiuf (D:3)
  3 orc priests
  4 centaur skeletons
  A giant frog skeleton (D:7)
  Jessica (D:2)
  4 iguanas
  Terence (D:2)
  A wolf simulacrum (IceCv)
  6 worker ants
  14 sheep
  A hound skeleton (D:4)
  A worker ant zombie (D:11)
  13 gnolls
  9 river rats
  17 adders
  3 white imps (IceCv)
  2 shadow imps
  8 oozes (Sewer)
  2 adder skeletons
  4 worms
  48 orcs
  20 giant cockroaches
  4 goblins
  5 hobgoblins
  8 jackals
  26 kobolds
  5 quokkas
  10 ball pythons
  A ball python skeleton (D:4)
  4 bats
  16 giant geckos
  17 giant newts
  A quokka skeleton (D:7)
  7 rats
  A bush (Lair:2)
393 creatures vanquished.

Vanquished Creatures (collateral kills)
  Psyche (D:11)
  A wolf spider simulacrum (IceCv)
  A kobold demonologist (D:11)
  A queen bee (D:9)
  Prince Ribbit (D:9)
  A freezing wraith (IceCv)
  A wraith (D:11)
  8 yaks
  A hippogriff (D:9)
  A water moccasin (D:11)
  An orc warrior (D:9)
  A big kobold (D:11)
  3 ice beasts
  A crocodile (D:9)
  2 ogres
  A giant frog (D:9)
  9 killer bees
  A wight (D:8)
  A hound (D:9)
  An iguana (D:9)
  A giant frog skeleton (D:11)
  A wolf simulacrum (IceCv)
  2 orc wizards (D:11)
  2 river rats (Lair:1)
  2 white imps (IceCv)
  2 giant geckos (D:9)
  3 orcs
  A kobold (D:11)
52 creatures vanquished.

Vanquished Creatures (others)
  An adder (D:7)
  4 plants (D:9)
5 creatures vanquished.

Grand Total: 450 creatures vanquished

Notes
Turn   | Place    | Note
--------------------------------------------------------------
     0 | D:1      | magipi the Centaur Hunter began the quest for the Orb.
     0 | D:1      | Reached XP level 1. HP: 17/17 MP: 1/1
   381 | D:1      | Reached XP level 2. HP: 24/24 MP: 2/2
   385 | D:1      | Reached skill level 6 in Bows
   860 | D:2      | Reached skill level 1 in Polearms
   885 | D:2      | Reached XP level 3. HP: 22/29 MP: 3/3
  1020 | D:2      | Noticed Sigmund
  1486 | D:2      | Noticed Jessica
  1491 | D:2      | Killed Jessica
  1491 | D:2      | Reached XP level 4. HP: 36/36 MP: 4/4
  1666 | D:2      | Found a burning altar of Makhleb.
  1666 | D:2      | Found a shattered altar of Ashenzari.
  1667 | D:2      | Found a white marble altar of Elyvilon.
  1673 | D:2      | Became a worshipper of Makhleb the Destroyer
  1695 | D:2      | Noticed Terence
  1730 | D:2      | Killed Terence
  1730 | D:2      | Reached skill level 7 in Bows
  2091 | D:3      | Found a snail-covered altar of Cheibriados.
  2115 | D:3      | Reached XP level 5. HP: 38/41 MP: 5/5
  2158 | D:3      | Found a sparkling altar of Nemelex Xobeh.
  2224 | D:2      | Found a shadowy altar of Dithmenos.
  2359 | D:3      | Found a stormy altar of Qazlal.
  2420 | D:3      | Reached * piety under Makhleb
  2853 | D:3      | Noticed Crazy Yiuf
  2871 | D:3      | Killed Crazy Yiuf
  3041 | D:4      | Reached skill level 8 in Bows
  3073 | D:4      | Reached XP level 6. HP: 48/48 MP: 6/6
  3257 | D:4      | Reached ** piety under Makhleb
  3829 | D:5      | Entered Level 5 of the Dungeon
  3924 | D:5      | Noticed Edmund
  3961 | D:5      | Noticed Edmund
  3961 | D:5      | Edmund changed into Edmund the warg
  4139 | D:4      | Noticed a hornet
  4139 | D:4      | Noticed a polar bear
  4139 | D:4      | a hornet changed into a polar bear
  4144 | D:4      | Noticed a basilisk
  4144 | D:4      | a polar bear changed into a basilisk
  4412 | D:4      | Noticed a guardian serpent
  4518 | D:4      | Noticed an eye of devastation
  4519 | D:4      | Noticed a shapeshifter
  4519 | D:4      | an eye of devastation changed into a shapeshifter
  4519 | D:4      | a shapeshifter changed into an eye of draining
  4543 | D:4      | Noticed a black mamba
  4543 | D:4      | an eye of draining changed into a black mamba
  4552 | D:4      | Noticed a shapeshifter
  4552 | D:4      | a black mamba changed into a shapeshifter
  4552 | D:4      | Noticed a guardian serpent
  4552 | D:4      | a shapeshifter changed into a guardian serpent
  4553 | D:4      | Noticed a shapeshifter
  4553 | D:4      | a guardian serpent changed into a shapeshifter
  4553 | D:4      | Noticed a basilisk
  4553 | D:4      | a shapeshifter changed into a basilisk
  4556 | D:4      | Noticed a yak
  4556 | D:4      | a basilisk changed into a yak
  5441 | D:5      | Killed Edmund the warg
  5441 | D:5      | Reached skill level 9 in Bows
  5441 | D:5      | Reached XP level 7. HP: 37/55 MP: 7/7
  5863 | D:5      | Found a staircase to the Ecumenical Temple.
  6165 | D:5      | Found an iron altar of Okawaru.
  6490 | D:6      | Found a glowing drain.
  6537 | Sewer    | Entered a sewer
  6572 | Sewer    | Reached *** piety under Makhleb
  6722 | Sewer    | Reached skill level 5 in Polearms
  6902 | Sewer    | Reached **** piety under Makhleb
  6984 | Sewer    | Reached skill level 10 in Bows
  7159 | D:6      | Reached XP level 8. HP: 61/61 MP: 8/8
  7172 | D:6      | Got a colourful robe
  7245 | D:6      | Found Tileguce's Jewellery Emporium.
  7729 | D:6      | Identified the cursed +1 robe "Idydgh" {MP+9 Int+4} (You found it on level 6 of the Dungeon)
  7774 | D:6      | Reached ***** piety under Makhleb
  7836 | D:6      | Found Ulakyn's Assorted Antiques.
  7843 | D:6      | Bought a grey potion for 25 gold pieces
  7843 | D:6      | Bought an iron wand for 112 gold pieces
  7843 | D:6      | Bought a scroll of identify for 56 gold pieces
  7877 | D:6      | Reached skill level 11 in Bows
  8179 | D:7      | Noticed Pikel
  8376 | D:7      | Killed Pikel
  8376 | D:7      | Reached XP level 9. HP: 66/72 MP: 9/9
  8442 | D:7      | Got an ancient lapis lazuli ring
  9370 | D:7      | Reached skill level 5 in Fighting
  9536 | D:8      | Identified the ring of the Median {+/*Tele Slay+5} (You found it on level 7 of the Dungeon)
  9586 | D:8      | Reached skill level 1 in Invocations
  9710 | D:8      | Noticed Maurice
  9713 | D:8      | Noticed Maurice
  9740 | D:8      | Killed Maurice the blink frog
  9980 | D:8      | Found Refregin's Antique Weapon Shop.
 10169 | D:8      | Found a deep blue altar of Sif Muna.
 10203 | D:8      | Found a radiant altar of Vehumet.
 10521 | D:8      | Found an ancient bone altar of Kikubaaqudgha.
 10522 | D:8      | Found a blossoming altar of Fedhas.
 11281 | D:8      | Noticed a centaur skeleton
 11302 | D:8      | Killed a centaur skeleton
 11302 | D:8      | Reached XP level 10. HP: 62/84 MP: 13/13
 11636 | D:9      | HP: 3/86 [hippogriff (6)]
 11642 | D:9      | HP: 2/86 [poisoned by a killer bee]
 11650 | D:8      | HP: 2/86 [poisoned by a killer bee]
 12061 | D:9      | Reached skill level 5 in Invocations
 12735 | D:9      | Found a bloodstained altar of Trog.
 12963 | D:9      | Noticed Prince Ribbit
 12972 | D:9      | Killed Prince Ribbit
 13037 | D:10     | Entered Level 10 of the Dungeon
 13357 | D:10     | Identified a scroll of acquirement
 13388 | D:10     | Noticed an unseen horror
 13406 | D:10     | Killed an unseen horror
 13474 | D:10     | You fall through a shaft!
 13474 | D:11     | Found a staircase to the Lair.
 13474 | D:11     | Noticed a manticore
 13477 | D:11     | Noticed Maud
 13645 | D:10     | Noticed a hill giant
 13914 | D:11     | Noticed Sonja
 13928 | D:11     | Noticed Sonja
 13928 | D:11     | Sonja changed into Sonja the water moccasin
 13939 | D:11     | Killed Sonja the water moccasin
 13939 | D:11     | Reached skill level 10 in Polearms
 13939 | D:11     | Reached XP level 11. HP: 78/95 MP: 16/16
 14041 | D:11     | Noticed a hill giant
 14283 | D:11     | Killed a hill giant
 14383 | D:11     | Killed a manticore
 14643 | D:11     | Killed Maud
 15367 | D:11     | Reached skill level 12 in Bows
 15510 | D:11     | Found a staircase to the Orcish Mines.
 15869 | Lair:1   | Entered Level 1 of the Lair of Beasts
 16173 | Lair:1   | Reached skill level 10 in Fighting
 16391 | Lair:1   | Found a labyrinth entrance.
 16405 | Lab      | Entered a labyrinth
 16675 | Lab      | Noticed a minotaur
 16714 | Lab      | Killed a minotaur
 16763 | Lab      | Got an ancient steel ring
 16763 | Lab      | Got a transparent platinum ring
 16766 | Lab      | Got a bloodstained leather armour
 16766 | Lab      | Identified the Volume of the Boosting Voyage (You found it in a labyrinth)
 16770 | Lab      | Identified the ring "Xiarch" {Str+4 Slay+3} (You found it in a labyrinth)
 16772 | Lab      | Identified the ring of Huisiaro {rElec rF+ MP+9} (You found it in a labyrinth)
 16790 | Lab      | Identified the cursed +0 leather armour of Defence {rC+ Int+3} (You found it in a labyrinth)
 17269 | Lair:2   | Reached XP level 12. HP: 106/106 MP: 19/19
 17293 | Lair:2   | Reached skill level 13 in Bows
 17607 | Lair:2   | Reached skill level 1 in Armour
 18479 | Lair:3   | Reached skill level 10 in Invocations
 18479 | Lair:3   | Reached skill level 1 in Evocations
 18498 | Lair:3   | Noticed Nergalle
 18513 | Lair:3   | Noticed an Executioner
 18605 | D:12     | Found Fapu's Book Boutique.
 18755 | D:12     | Noticed Psyche
 18780 | D:11     | Killed Psyche
 18924 | D:12     | Found a frozen archway.
 18944 | IceCv    | Entered an ice cave
 19091 | IceCv    | HP: 3/106 [freezing wraith (3)]
 19091 | IceCv    | Slain by a freezing wraith

Action                   |  1- 3 |  4- 6 |  7- 9 | 10-12 || total
-------------------------+-------+-------+-------+-------++-------
Melee: Short sword       |     1 |       |       |       ||     1
       Spear             |       |    89 |       |       ||    89
       Halberd           |       |       |    52 |   195 ||   247
       Trident           |       |       |    11 |       ||    11
       Demon trident     |       |       |       |   250 ||   250
 Fire: Shortbow          |    92 |   262 |   562 |   458 ||  1374
Invok: Lesser Servant of |       |       |     3 |    29 ||    32
       Greater Servant o |       |       |       |     1 ||     1
 Abil: Evoke Berserk Rag |       |     1 |     1 |     1 ||     3
Evoke: Wand              |       |     5 |     3 |     4 ||    12
  Use: Scroll            |       |     7 |    12 |     6 ||    25
       Potion            |       |     1 |     1 |       ||     2
 Stab: Distracted        |       |       |       |     2 ||     2
       Paralysed         |       |       |       |     3 ||     3
  Eat: Chunk             |     1 |     5 |     5 |    11 ||    22
       Fruit             |       |     3 |     5 |     3 ||    11
       Beef jerky        |       |     2 |       |     3 ||     5
       Royal jelly       |       |       |     1 |       ||     1
       Bread ration      |       |       |     1 |     1 ||     2
